AoeStats
← [KBRA] sir_teleco

Arena

510523979Analyzed
1v1 RM · 2d ago on Oct 1, 2026· 18m 29s· 2 players
Game mode
Random Map
Map size
Tiny (2 player)
Population
200
Speed
Normal
Resources
Standard
Victory
Conquest
Starting age
Dark Age
Ending age
Imperial Age
RankedLock teamsTeams togetherTeam positionsShared explorationLock speedFull tech treeHidden civsTurbo modeCheats
Victory
Defeat
🇹🇼 Romans · Taiwan
973
+15
🇪🇸 Turks · Spain
960
-15
[KBRA] sir_teleco
11:33 Feudal Age
16:36 Castle Age
14:40 Horse Collar
14:46 Double-Bit Axe
17:41 Fletching
18:28 Town Watch
pokemonmastersoji
7:30 Loom
9:48 Feudal Age
13:40 Castle Age
11:33 Double-Bit Axe
Connection lost

Rejoining the realm…

Still unreachable

The connection could not be restored.

Session expired

The server has moved on; the page needs a fresh start.